 Dungeon Crawl Stone Soup version 0.29.0-5-ge4962eb29e (webtiles) character file.

Game seed: 6052885192845588132

39 SnakkuSnakku7 the Poker (level 3, -2/21 HPs)
             Began as a Tengu Warper on Aug 28, 2022.
             Slain by Terence
             ... wielding a +0 hand axe
              (6 damage)
             ... on level 1 of the Dungeon.
             The game lasted 00:04:04 (1857 turns).

SnakkuSnakku7 the Poker (Tengu Warper)              Turns: 1857, Time: 00:04:04

Health: -2/21      AC:  5    Str: 13    XL:     3   Next: 45%
Magic:  7/7        EV: 11    Int: 13    God:
Gold:   51         SH:  0    Dex: 13    Spells: 6/6 levels left

rFire   . . .      SeeInvis .   a - +0 spear
rCold   . . .      Faith    .   (no shield)
rNeg    . . .      Spirit   .   g - +0 ring mail
rPois   .          Reflect  .   (helmet restricted)
rElec   .          Harm     .   (no cloak)
rCorr   .          Rampage  .   (no gloves)
Will    .....                   (boots unavailable)
Stlth   +.........              (no amulet)
HPRegen 0.07/turn               (no ring)
MPRegen 0.10/turn               (no ring)

@: no status effects
A: beak, talons 3
a: no special abilities


You were on level 1 of the Dungeon.
You visited 1 branch of the dungeon, and saw 2 of its levels.

You collected 51 gold pieces.

Inventory:

Hand Weapons
 a - a +0 spear (weapon)
Missiles
 d - 7 boomerangs of dispersal (quivered)
Armour
 b - a +0 leather armour
 g - a +0 ring mail (worn)
Scrolls
 c - a scroll of blinking
 h - a scroll of summoning {unknown}
 i - a scroll of teleportation {unknown}
Potions
 e - a potion of degeneration {unknown}
 f - a potion of mutation {unknown}
 j - a potion of ambrosia {unknown}
 k - a potion of curing {unknown}


   Skills:
 - Level 2.0 Fighting
 + Level 4.1 Polearms
 - Level 1.0 Throwing
 - Level 1.1 Armour
 - Level 2.1 Dodging
 - Level 2.0 Spellcasting
 - Level 2.4 Translocations


You had 6 spell levels left.
You didn't know any spells.
Your spell library contained the following spells:

 Spells                   Type           Power      Damage    Failure   Level
 Blink                    Tloc           14%        N/A       30%         2
 Gell's Gravitas          Tloc           7%         N/A       52%         3
 Lesser Beckoning         Tloc           7%         N/A       52%         3
 Teleport Other           Tloc           7%         N/A       52%         3
 Manifold Assault         Tloc           7%         N/A       99%         5


Dungeon Overview and Level Annotations

Branches:
Dungeon (2/15)

Altars:

Annotations:
D:1 Terence


Innate Abilities, Weirdness & Mutations

You have a beak for a mouth.
You have claws for feet.


Message History

The goblin is severely wounded.
The goblin barely misses you.
You hit the goblin but do no damage. You claw the goblin.
You kill the goblin!
Things that are here:
a +0 club; a goblin corpse
k - a glowing orange potion A bat is nearby!
Terence shouts!
The bat hits you but does no damage.
You reach to attack!
You closely miss the bat. The bat hits you.
You hit the bat but do no damage. The bat barely misses you.
The bat completely misses you. Terence says, "Did you write a will?
You should..."
The bat barely misses you. The bat hits you but does no damage.
The bat hits you but does no damage. The bat barely misses you.
The bat hits you but does no damage.
There is a stone staircase leading up here.
You reach to attack!
You hit the bat.
The bat is moderately wounded.
The bat closely misses you.
You reach to attack!
You barely miss the bat.
The bat is moderately wounded.
The bat closely misses you. The bat hits you.
Terence hits you with a +0 hand axe.
You climb upwards.
There is a stone staircase leading down here.
You closely miss Terence. You claw Terence, but do no damage.
You peck Terence, but do no damage. You hit Terence but do no damage.
Terence hits you with a +0 hand axe.
You barely miss Terence. You claw Terence. You punch Terence.
Terence is moderately wounded.
Terence hits you with a +0 hand axe.
You are too injured to fight recklessly!
You are too injured to fight recklessly!
Terence hits you with a +0 hand axe.
* * * LOW HITPOINT WARNING * * *
Terence attacks as you move away! Terence hits you with a +0 hand axe.
You die...

####'### #....#.##.....##...#..
#......###....''##.....##...#..
#.......#........########...#..
#.#####.#........##.....#...#..
#.#..#..#........##.....#...#.(
#.#..#.###......###.....#......
#.##'#.###......###..[..#....##
#.......##..>@...............+.
#######.##....@..............##
#..'..#.####+##..............##
#..#..#.# #.##.........##...##
####'##†# #............##...##
#.......# #............#......
####....# #........#####.....#
#....# #........# #.......#
##....####........# #.......#
#.................###......##


You could see Terence.

Vanquished Creatures
  An adder (D:1)
  4 bats (D:1)
  3 endoplasms (D:1)
  3 goblins
  2 hobgoblins (D:1)
  4 jackals (D:1)
  3 quokkas
  A ball python (D:1)
  5 frilled lizards (D:1)
  A kobold (D:1)
  A rat (D:1)
28 creatures vanquished.

Notes
Turn   | Place    | Note
-------+----------+-------------------------------------------
     0 | D:1      | SnakkuSnakku7 the Tengu Warper began the quest for the Orb.
     0 | D:1      | Reached XP level 1. HP: 12/12 MP: 4/4
   228 | D:1      | Reached XP level 2. HP: 12/17 MP: 6/6
   249 | D:1      | Reached skill level 3 in Polearms
  1002 | D:1      | Reached XP level 3. HP: 15/21 MP: 7/7
  1391 | D:2      | Noticed Terence
  1693 | D:1      | Reached skill level 4 in Polearms
  1857 | D:1      | Slain by Terence

Illustrated notes

Levels and vault maps discovered:
D:1:      dpeg_arrival_erosion, layout_basic, corexii_corridor_pit,
          minmay_lizard_pond
D:2:      layout_rooms, minmay_octomino_c4, uniq_terence

Skill      XL: |  1  2  3 |
---------------+----------+-----
Polearms       | 3 4 |  4.1
Fighting       | |  2.0
Throwing       | |  1.0
Armour         | |  1.1
Dodging        | |  2.1
Spellcasting   | |  2.0
Translocations | |  2.4

Action                   || total
-------------------------++-------
Melee: Spear             ||   118
       Kick              ||    21
       Peck              ||    10
       Punch             ||     1
  Use: Scroll            ||     1
 Stab: Sleeping          ||     1
Armor: Leather armour    ||    15
       Ring mail         ||    17
Dodge: Dodged            ||    63
